 Dungeon Crawl Stone Soup version 0.25.1-2-g60ff931df9 (webtiles) character file.

Game seed: 3100165376990047672

28 gruber the Ruffian (level 3, -1/28 HPs)
             Began as a Draconian Transmuter on Oct 4, 2020.
             Slain by an adder (4 damage)
             ... on level 2 of the Dungeon.
             The game lasted 00:00:54 (1323 turns).

gruber the Ruffian (Draconian Transmuter)           Turns: 1323, Time: 00:00:55

Health: -1/28      AC:  6    Str: 12    XL:     3   Next: 0%
Magic:  4/6        EV: 12    Int: 14    God:
Gold:   35         SH:  0    Dex: 11    Spells: 5/6 levels left

rFire    . . .     SeeInvis .     - Unarmed
rCold    . . .     Gourm    .   (no shield)
rNeg     . . .     Faith    .   (armour unavailable)
rPois    .         Spirit   .   (helmet restricted)
rElec    .         Reflect  .   (no cloak)
rCorr    .         Harm     .   (no gloves)
MR       .....                  k - +0 pair of boots
Stlth    +.........             (no amulet)
HPRegen  0.09/turn              (no ring)
MPRegen  0.10/turn              (no ring)

@: lethally poisoned (-1 -> -10), appendage (expiring)
A: unfitting armour, horns 2, cold-blooded, AC +5
a: End Transformation


You were on level 2 of the Dungeon.
You were not hungry.
You had grown temporary horns.
You visited 1 branch of the dungeon, and saw 2 of its levels.

You collected 35 gold pieces.

Inventory:

Missiles
 a - 31 arrows
 i - 8 poisoned darts (quivered)
Armour
 k - a +0 pair of boots (worn)
Scrolls
 b - 2 scrolls of fear {unknown}
 e - a scroll of enchant weapon {unknown}
 g - 3 scrolls of remove curse {unknown}
Potions
 d - a potion of berserk rage {unknown}
 h - a potion of flight {unknown}
 j - a potion of curing {unknown}
 l - a potion of ambrosia {unknown}
Comestibles
 c - a ration
 f - a chunk of flesh


   Skills:
 - Level 1.1 Fighting
 - Level 1.7 Dodging
 + Level 3.9 Unarmed Combat
 - Level 2.0 Spellcasting
 * Level 2.4 Transmutations


You had 5 spell levels left.
You knew the following spells:

 Your Spells              Type           Power        Failure   Level  Hunger
a - Beastly Appendage     Tmut           #.....       9%          1    ##.....

Your spell library contained the following spells:

 Spells                   Type           Power        Failure   Level  Hunger
 Sticks to Snakes         Tmut           #.......     13%         2    ###....
 Spider Form              Tmut/Pois      #.........   41%         3    ####...
 Ice Form                 Ice/Tmut       #.......     82%         4    #####..
 Blade Hands              Tmut           #.........   94%         5    ######.


Dungeon Overview and Level Annotations

Branches:
Dungeon (2/15)

Altars:
Kikubaaqudgha


Innate Abilities, Weirdness & Mutations

Your plain brown scales are hard. (AC +5)
You cannot fit into any form of body armour.
You are cold-blooded and may be slowed by cold attacks.
You have a pair of horns on your head.


Message History

You feel sick.
You kill the goblin!
You have reached level 3!
Your experience leads to an increase in your attributes!
Increase (S)trength, (I)ntelligence, or (D)exterity?
You feel clever.
Your scales feel tougher.
The adder bites you.
* * * LOW HITPOINT WARNING * * *
You are more poisoned.
The adder poisons you!
Unknown command.
Unknown command.
You closely miss the adder. Your headbutt misses the adder.
The adder is severely wounded.
The adder closely misses you.
You closely miss the adder.
The adder is severely wounded.
* * * LOW HITPOINT WARNING * * *
You feel sick. The adder bites you.
You die...

....... ........#
........# ........#
........# ........#
.......(########.###
.......(.(gS@.......
######..####.######
##.# .#### #.##
..... #..# .....
##.###.....
#......### ##.....#
#.....#


You could see an adder and a goblin.

Vanquished Creatures
  3 giant cockroaches (D:1)
  4 goblins
  5 hobgoblins
  A ball python (D:1)
  2 bats
  3 frilled lizards
  6 kobolds
  4 rats
28 creatures vanquished.

Notes
Turn   | Place    | Note
-------+----------+-------------------------------------------
     0 | D:1      | gruber the Draconian Transmuter began the quest for the
                  | Orb.
     0 | D:1      | Reached XP level 1. HP: 16/16 MP: 3/3
   224 | D:1      | Reached XP level 2. HP: 23/23 MP: 5/5
  1261 | D:2      | Found an ancient bone altar of Kikubaaqudgha.
  1321 | D:2      | Reached XP level 3. HP: 7/28 MP: 4/6
  1323 | D:2      | Slain by an adder

Illustrated notes

Levels and vault maps discovered:
D:1:      dpeg_arrival_connections, layout_basic, minmay_quantized
D:2:      layout_basic, marbit_many_paths, lemuel_round_altar, uniq_terence

Action                   || total
-------------------------++-------
Melee: Unarmed           ||    72
       Tailslap          ||     8
       Headbutt          ||     1
Throw: Dart              ||    22
 Cast: Beastly Appendage ||     2
  Eat: Chunk             ||     1
Armor: Skin              ||    24
Dodge: Dodged            ||    49
